 Dungeon Crawl Stone Soup version 0.31-a0-4-gefa6de2278 (webtiles) character file.

Game seed: 5423177404044311859

37 Ahpoh the Trooper (level 3, -2/20 HPs)
             Began as a Vine Stalker Monk on May 3, 2023.
             Slain by a hobgoblin (4 damage)
             ... on level 2 of the Dungeon.
             The game lasted 00:01:23 (814 turns).

Ahpoh the Trooper (Vine Stalker Monk)                Turns: 814, Time: 00:01:24

Health: -2/20      AC:  8    Str: 13    XL:     3   Next: 41%
Magic:  0/4        EV:  7    Int: 10    God:
Gold:   67         SH:  0    Dex: 18    Spells: 2/2 levels left

rFire   . . .        a - +0 falchion
rCold   . . .        d - orb {light}
rNeg    . . .        e - +0 chain mail
rPois   .            (no helmet)
rElec   .            (no cloak)
rCorr   .            (no gloves)
SInv    .            (no boots)
Will    .....        (no amulet) Stlth
                     (no ring)
HPRegen 0.23/turn    (no ring)
MPRegen 0.09/turn

%: guardian spirit
@: glowing
A: fangs 2, magic shield, antimagic bite, no potion heal 2
a: no special abilities


You were on level 2 of the Dungeon.
You visited 1 branch of the dungeon, and saw 2 of its levels.

You collected 67 gold pieces.

Inventory:

Hand Weapons
 a - a +0 falchion (weapon)
Armour
 d - an orb of light (worn)
 e - a +0 chain mail (worn)
Jewellery
 i - a ring of see invisible
Scrolls
 b - a scroll of teleportation {unknown}
 h - a scroll of enchant armour {unknown}
Potions
 c - a potion of ambrosia
 f - a potion of mutation {unknown}
 g - a potion of degeneration {unknown}
 j - a potion of brilliance {unknown}


   Skills:
 + Level 3.2 Fighting
 + Level 3.2 Long Blades
 + Level 2.7 Dodging


You had 2 spell levels left.
You didn't know any spells.
Your spell library was empty.

Dungeon Overview and Level Annotations

Branches:
Dungeon (2/15)

Altars:


Innate Abilities, Weirdness & Mutations

You have extremely sharp teeth.
When hurt, damage is shared between your health and your magic reserves.
Your bite disrupts and absorbs the magic of your enemies.
Potions cannot restore your health.


Message History

The grasping roots constrict you.
You escape the roots grasp.
Robin zaps a wand.
The roots erupt in riotous growth!
The grasping roots grab you!
Robin is unaffected.
The grasping roots constrict you.
Things that are here:
a +0 dagger; a +0 club; a +0 club You slash Robin!
Robin is heavily wounded.
The hobgoblin no longer looks unusually strong.
Robin hits you but does no damage. The grasping roots constrict you.
* * * LOW HITPOINT WARNING * * *
You barely miss Robin.
Robin is heavily wounded.
Robin hits you but does no damage. The grasping roots constrict you.
* * * LOW HITPOINT WARNING * * *
The grasping roots release their grip on you.
You hit Robin.
Robin is severely wounded.
Robin says, "My goblins will feast on your bones."
Robin hits you with a +0 dagger.
* * * LOW HITPOINT WARNING * * *
Robin roars a battlecry!
The hobgoblin goes into a battle-frenzy!
You barely miss Robin.
Robin is severely wounded.
Robin hits you but does no damage.
You hit Robin. You bite Robin. You drain their power.
You feel invigorated.
Robin is almost dead.
Robin zaps a wand.
The roots erupt in riotous growth!
The grasping roots grab you!
Robin is unaffected.
The grasping roots constrict you.
* * * LOW HITPOINT WARNING * * *
You hear an angry hiss.
You hear a shout!
You hit Robin.
You kill Robin!
You hit the hobgoblin but do no damage. Your bite misses the hobgoblin.
The hobgoblin barely misses you.
You barely miss the hobgoblin. The hobgoblin hits you.
You die...

# ##g....
#.#††....
#.#.###..
#.....+
#######.###
#.......#
#.......#
#######.......#
#<@gg.).......#
#######.....(##
#......#
#......#
#......#
#......#
#......#
########


You could see a hobgoblin (strong) and a goblin (strong).

Vanquished Creatures
  Robin (D:2)
  2 dart slugs (D:1)
  An endoplasm (D:1)
  6 goblins (D:2)
  4 hobgoblins
  A ball python (D:2)
  A bat (D:2)
  3 frilled lizards (D:1)
  2 kobolds (D:1)
  A rat (D:1)
22 creatures vanquished.

Notes
Turn   | Place    | Note
-------+----------+-------------------------------------------
     0 | D:1      | Ahpoh the Vine Stalker Monk began the quest for the Orb.
     0 | D:1      | Reached XP level 1. HP: 11/11 MP: 2/2
   222 | D:1      | Reached XP level 2. HP: 16/16 MP: 3/3
   752 | D:2      | Noticed Robin
   803 | D:2      | Reached XP level 3. HP: 12/20 MP: 2/4
   811 | D:2      | HP: 1/20 [constriction (1)]
   812 | D:2      | Killed Robin
   814 | D:2      | Slain by a hobgoblin

Illustrated notes

Levels and vault maps discovered:
D:1:      dpeg_arrival_tiny_h, layout_basic, minmay_misc_feat_five,
          minmay_pentomino_z2
D:2:      minmay_alternating_diamond, layout_basic,
          wander_ebering_terrifying_dragon_lair, uniq_robin, uniq_sigmund

Skill      XL: |  1  2 |
---------------+-------+-----
Fighting       | 3 |  3.2
Long Blades    | 3 |  3.2
Dodging        | |  2.7

Action                     || total
---------------------------++-------
  Melee: Falchion          ||    54
         Bite              ||     9
 Armour: Chain mail        ||    28
         Robe              ||     1
  Dodge: Dodged            ||    26

Table legend: (Time is in decaauts)
 A = Elapsed time spent in this place.
 B = Non-inter-level travel time spent in this place.
 C = Inter-level travel time spent in this place.
 D = Time resting spent in this place.
 E = Time spent auto-exploring this place.
 F = Levels seen in this place.
 G = Mean time per level.
                   A        B        C        D        E       F      G
               +--------+--------+--------+--------+--------+-----+--------+
         Total |    822 |    807 |     15 |      0 |    588 |   2 |  411.0 |
       Dungeon |    822 |    807 |     15 |      0 |    588 |   2 |  411.0 |
               +--------+--------+--------+--------+--------+-----+--------+

Top non-repeatable levels by time:
     D:1: 727 daAuts
     D:2: 94 daAuts
